 Dungeon Crawl Stone Soup version 0.20.1-1-g8b1a95d (webtiles) character file.

1622 Peloso the Shield-Bearer (level 8, -2/73 HPs)
             Began as a Deep Dwarf Fighter on Aug 5, 2017.
             Killed from afar by an electric eel (9 damage)
             ... with a bolt of electricity
             ... on level 6 of the Dungeon.
             The game lasted 00:30:38 (7117 turns).

Peloso the Shield-Bearer (Deep Dwarf Fighter)       Turns: 7117, Time: 00:30:39

Health: -2/73      AC: 16    Str: 22    XL:     8   Next: 65%
Magic:  7/7        EV:  7    Int:  9    God:
Gold:   219        SH: 12    Dex: 12    Spells: 7/7 levels left

rFire    . . .     SeeInvis +   e - +1 dagger (vamp)
rCold    . . .     Gourm    .   c - +1 shield
rNeg     . . .     Faith    .   o - +0 chain mail
rPois    +         Spirit   .   s - +2 helmet {SInv}
rElec    .         Reflect  .   v - +0 cloak {rPois}
rCorr    .         Harm     .   g - +0 pair of gloves
MR       ++...                  (no boots)
Stlth    ..........             (no amulet)
Regen    0.0/turn               H - ring of protection from magic
MPRegen  0.1/turn               (no ring)

@: non-regenerating
A: damage resistance, heal wounds, sense surroundings 1, no regeneration
a: Heal Wounds


You were on level 6 of the Dungeon.
You were not hungry.

You visited 2 branches of the dungeon, and saw 7 of its levels.
You also visited: Ossuary.

You collected 355 gold pieces.
You spent 136 gold pieces at shops.

Inventory:

Hand Weapons
 a - a +0 long sword
 e - a +1 vampiric dagger (weapon)
 x - a +2 hunting sling of velocity
Missiles
 m - 86 sling bullets
 w - 58 arrows
Armour
 c - a +1 shield (worn)
 g - a +0 pair of gloves (worn)
 o - a +0 chain mail (worn)
 p - a scarf of repulsion
 s - a +2 helmet of see invisible (worn)
 v - a +0 cloak of poison resistance (worn)
Jewellery
 H - a ring of protection from magic (left hand)
Scrolls
 b - 3 scrolls of teleportation
 i - 3 scrolls of enchant armour
 j - 2 scrolls of fear
 t - a scroll of fog
 y - 5 scrolls of remove curse
 z - a scroll of recharging
 A - a scroll of magic mapping
 D - a scroll of identify
 E - a scroll of noise {unknown}
 F - a scroll of enchant weapon {unknown}
 G - a scroll of blinking {unknown}
Potions
 d - 2 potions of agility
 h - 2 potions of invisibility
 k - 3 potions of mutation
 l - a potion of resistance
 q - a potion of magic
 r - 2 potions of curing
 u - a potion of heal wounds
 C - a potion of flight
 I - a potion of haste
 J - 2 potions of brilliance {unknown}
Books
 B - a book of Air

   Spells                             Type                      Level
   a - Shock                          Conjuration/Air              1
   b - Swiftness                      Charms/Air                   2
   c - Static Discharge               Conjuration/Air              3
   d - Airstrike                      Air                          4
   e - Lightning Bolt                 Conjuration/Air              5
Comestibles
 f - 4 bread rations
 n - 2 meat rations
 K - 2 chunks of flesh


   Skills:
 + Level 4.5 Fighting
 + Level 4.1(4.8) Short Blades
 + Level 4.0(5.0) Long Blades
 + Level 1.5 Slings
 + Level 6.0 Armour
 + Level 2.5 Dodging
 + Level 1.3 Stealth
 + Level 7.2 Shields


You had 7 spell levels left.
You didn't know any spells.

Dungeon Overview and Level Annotations

Branches:
Dungeon (6/15)             Temple (1/1) D:5

Altars:
Ashenzari
Cheibriados
Dithmenos
Elyvilon
Fedhas
Gozag
Hepliaklqana
Kikubaaqudgha
Makhleb
Nemelex Xobeh
Qazlal
Ru
Sif Muna
Trog
Uskayaw
Vehumet
Xom
Yredelemnul
Zin

Shops:
D:4 ?   D:5 ?


Innate Abilities, Weirdness & Mutations

You are resistant to damage.
You can heal yourself by infusing magical energy.
You passively map a small area around you.
You do not regenerate.


Message History

The bolt of electricity hits you!
The electric eel shoots out a bolt of lightning at you!
The bolt of electricity hits the electric eel.
The electric eel completely resists.
The bolt of electricity hits you!
The electric eel shoots out a bolt of lightning at you!
The bolt of electricity hits you!
The electric eel shoots out a bolt of lightning at you!
The bolt of electricity hits the electric eel.
The electric eel completely resists.
The bolt of electricity hits you!
The electric eel shoots out a bolt of lightning at you!
The bolt of electricity hits you!
The electric eel shoots out a bolt of lightning at you!
The bolt of electricity hits you!
* * * LOW HITPOINT WARNING * * *
The electric eel shoots out a bolt of lightning at you!
The bolt of electricity hits you!
* * * LOW HITPOINT WARNING * * *
The electric eel shoots out a bolt of lightning at you!
The bolt of electricity hits you!
You die...

#..;.≈≈≈≈≈≈,,,***,,,
#...;≈≈≈≈≈P≈≈,,,,,,,
#.#..P.≈≈≈≈,,≈≈,,,,,
#.....≈≈≈≈≈≈≈≈≈,≈,,,
###.#..≈P≈≈≈≈≈≈≈≈≈,≈
#.#*..P≈≈,≈≈≈≈≈≈≈≈
##.##,.≈≈.≈≈≈≈≈≈≈≈≈
#...#*,....≈≈≈≈≈≈≈≈
#.@.#*,*..≈,≈≈P≈≈≈≈
#...#*,.......≈.≈≈≈
##.##**#.#...?...;≈
#.#####.#..?##....
#.#.......#.##..#.
#.#.......#.......
#.#.......#..#....
#.#...............
#.........#..###..


You could see an electric eel.

Vanquished Creatures
  Duvessa (D:4)
  2 ice beasts
  A black bear (D:6)
  A phantom (D:6)
  A bullfrog (D:4)
  Dowan (D:4)
  6 killer bees (D:6)
  A crimson imp (D:5)
  A jelly (D:6)
  3 hounds
  A centaur skeleton (D:4)
  Crazy Yiuf (D:3)
  An orc wizard (D:6)
  Natasha (twice) (D:3)
  2 iguanas
  4 worker ants
  A hound zombie (D:6)
  11 mummies (Ossuary)
  A worker ant zombie (D:5)
  Robin (D:2)
  3 adders
  An ooze (D:2)
  A dart slug (D:2)
  8 leopard geckos
  9 orcs
  6 giant cockroaches
  19 goblins
  9 hobgoblins
  15 jackals
  8 kobolds (D:1)
  A quokka (D:5)
  10 bats
  4 frilled lizards
  2 gnoll skeletons (Ossuary)
  2 goblin skeletons (Ossuary)
  2 kobold skeletons (Ossuary)
  2 orc skeletons (Ossuary)
  A quokka skeleton (D:4)
  6 rats
  11 rat skeletons (Ossuary)
  2 bushes (D:1)
165 creatures vanquished.

Vanquished Creatures (others)
  An iguana (D:5)
  5 plants
6 creatures vanquished.

Grand Total: 171 creatures vanquished

Notes
Turn   | Place    | Note
-------+----------+-------------------------------------------
     0 | D:1      | Peloso the Deep Dwarf Fighter began the quest for the Orb.
     0 | D:1      | Reached XP level 1. HP: 20/20 MP: 1/1
    61 | D:1      | Reached XP level 2. HP: 22/27 MP: 2/2
   657 | D:1      | Reached XP level 3. HP: 22/34 MP: 3/3
  1119 | D:2      | Found a radiant altar of Vehumet.
  1501 | D:2      | Noticed Robin
  1526 | D:2      | Killed Robin
  1526 | D:2      | Reached XP level 4. HP: 18/42 MP: 4/4
  2638 | D:3      | Found a runed door.
  2883 | D:3      | Reached XP level 5. HP: 17/49 MP: 5/5
  2884 | D:3      | Noticed Natasha
  2893 | D:3      | Killed Natasha
  2893 | D:3      | Reached skill level 4 in Shields
  3012 | D:3      | Noticed Natasha
  3025 | D:3      | Killed Natasha
  3025 | D:3      | Reached skill level 1 in Stealth
  3425 | D:3      | Noticed Crazy Yiuf
  3433 | D:3      | Killed Crazy Yiuf
  3433 | D:3      | Reached skill level 1 in Dodging
  3514 | D:4      | Noticed Dowan
  3519 | D:4      | Killed Dowan
  3519 | D:4      | Reached skill level 1 in Slings
  3519 | D:4      | Reached XP level 6. HP: 36/56 MP: 5/5
  3631 | D:4      | Found Goclekug's Magic Scroll Shop.
  3648 | D:4      | Bought a scroll of remove curse for 36 gold pieces
  3648 | D:4      | Bought a scroll of identify for 24 gold pieces
  3651 | D:4      | Bought a scroll of identify for 24 gold pieces
  4077 | D:4      | Noticed Duvessa
  4116 | D:4      | Killed Duvessa
  4432 | D:4      | Reached skill level 5 in Armour
  4432 | D:4      | Reached skill level 5 in Shields
  4432 | D:4      | Reached XP level 7. HP: 21/62 MP: 6/6
  4537 | D:5      | Entered Level 5 of the Dungeon
  4564 | D:5      | Found a staircase to the Ecumenical Temple.
  4573 | Temple   | Entered the Ecumenical Temple
  4969 | D:5      | Reached skill level 1 in Short Blades
  5140 | D:5      | Found a stormy altar of Qazlal.
  5418 | D:5      | Found Laupp's Magic Scroll Emporium.
  5423 | D:5      | Bought a scroll of magic mapping for 52 gold pieces
  5804 | D:6      | Found a sand-covered staircase.
  5809 | Ossuary  | Entered an ossuary
  6203 | Ossuary  | Reached skill level 6 in Shields
  6389 | D:6      | Reached XP level 8. HP: 46/72 MP: 7/7
  6612 | D:6      | Reached skill level 7 in Shields
  7117 | D:6      | Killed from afar by an electric eel

Skill      XL: |  1  2  3  4  5  6  7  8 |
---------------+-------------------------+-----
Fighting       | 3 4 |  4.5
Armour         | 4 5 6 |  6.0
Long Blades    | 3 4 |  4.0
Shields        | 4 5 6 7 |  7.2
Stealth        | 1 |  1.3
Dodging        | 1 2 |  2.5
Slings         | 1 |  1.5
Short Blades   | 3 4 |  4.1

Action                   |  1- 3 |  4- 6 |  7- 9 || total
-------------------------+-------+-------+-------++-------
Melee: Long sword        |   368 |   223 |       ||   591
       Dagger            |       |    29 |   845 ||   874
 Fire: Hunting sling     |       |    20 |       ||    20
 Abil: Heal Wounds       |       |     3 |     4 ||     7
  Use: Scroll            |       |    16 |     7 ||    23
       Potion            |       |       |     3 ||     3
  Eat: Chunk             |     3 |     9 |     1 ||    13
       Fruit             |       |     4 |       ||     4
       Royal jelly       |       |     1 |       ||     1
       Meat ration       |       |       |     2 ||     2
Armor: Scale mail        |    79 |       |       ||    79
       Chain mail        |     9 |   112 |   238 ||   359
Dodge: Dodged            |    62 |    51 |   130 ||   243
Block: Shield            |   118 |   143 |   360 ||   621
       Rpst.: Long sword |    20 |    10 |       ||    30
